Map: Dusk Towers

Players

BadEnemaRap

  • Race: Zerg Zerg
  • League: Master

puCK (Nina) - Winner!

  • Race: Protoss Protoss
  • League: Master

VOD

Have the link to the VOD?

Description

Time

  • Played on: Nov. 15, 2015, 1:22 a.m.
  • Length: 10:41
Show
View Real Time Build Order
Export as new Build Order

BadEnemaRap Zerg 

Build Orders: 3 Hatch before Pool, Lurkers 

Get SALT Encoding   

  12  0:01  Drone  
  13  0:14  Overlord  
  13  0:18  Drone  
  14  0:32  Drone x2  
  16  0:51  Hatchery  
  16  0:53  Drone  
  16  0:58  Drone  
  17  1:05  Drone  
  18  1:24  Hatchery  
  17  1:28  Drone  
  18  1:40  Spawning Pool  
  18  1:42  Drone  
  18  1:46  Drone  
  19  1:54  Drone x2  
  21  2:02  Drone  
  22  2:10  Drone  
  22  2:13  Drone  
  24  2:21  Drone  
  24  2:22  Extractor  
  24  2:29  Queen x2  
  28  2:30  Overlord  
  28  2:36  Queen  
  30  2:45  Zergling x6  
  30  2:48  Overlord  
  30  2:49  Drone x2  
  35  2:56  Drone  
  36  2:59  Drone x2  
  36  3:00  Drone  
  39  3:07  Queen  
  39  3:09  Drone  
  42  3:14  Drone x2  
  44  3:26  Metabolic Boost  
  44  3:27  Overlord  
  44  3:28  Drone x2  
  44  3:29  Extractor  
  45  3:39  Overlord  
  45  3:40  Drone  
  46  3:45  Spore Crawler  
  46  3:47  Spore Crawler  
  43  3:49  Zergling x6  
  45  4:03  Overlord, Drone x6  
  50  4:11  Overlord  
  50  4:12  Drone  
  50  4:15  Drone x3  
  53  4:23  Drone  
  54  4:24  Evolution Chamber  
  54  4:25  Evolution Chamber, Drone  
  53  4:32  Drone x3  
  56  4:39  Drone x3  
  56  4:42  Drone x3  
  56  4:44  Overlord  
  60  5:02  Drone x2, Overlord  
  60  5:03  Drone x2  
  60  5:04  Zerg Ground Armor Level 1, Zerg Melee Weapons Level 1  
  63  5:07  Lair  
  63  5:15  Drone  
  63  5:16  Drone, Roach Warren  
  63  5:17  Extractor  
  63  5:18  Extractor  
  63  5:21  Drone x4  
  63  5:22  Drone x3  
  63  5:24  Drone  
  63  5:27  Extractor  
  69  5:29  Drone x4  
  69  5:30  Extractor  
  69  5:31  Drone  
  69  5:32  Drone  
  74  5:37  Drone x4  
  78  5:53  Drone x2  
  78  5:56  Zergling x2  
  81  5:58  Overlord x3  
  81  6:01  Hatchery  
  80  6:09  Spire  
  80  6:10  Hydralisk Den  
  78  6:12  Zergling x6  
  78  6:15  Overlord  
  78  6:17  Zergling x14  
  78  6:18  Zergling x2  
  89  6:22  Zergling x8  
  89  6:24  Zergling x2  
  89  6:25  Zergling x2  
  95  6:29  Zergling x6  
  98  6:41  Zergling x6  
  98  6:43  Zergling x2  
  98  6:44  Zergling x4  
  104  6:48  Zergling x4  
  104  6:52  Roach x4  
  114  6:55  Overlord x2  
  114  6:58  Lurker Den  
  113  7:01  Overlord  
  113  7:02  Overlord  
  113  7:03  Overlord  
  113  7:04  Zerg Ground Armor Level 2  
  113  7:06  Zerg Melee Weapons Level 2  
  113  7:14  Overlord  
  113  7:15  Roach x3  
  119  7:21  Zergling x2  
  119  7:22  Ravager, Zergling x6  
  120  7:23  Ravager x2  
  120  7:24  Ravager  
  120  7:27  Zerg Flyer Weapons Level 1  
  120  7:28  Hydralisk x3  
  128  7:33  Hydralisk x2  
  128  7:36  Hydralisk  
  128  7:37  Hydralisk  
  132  7:43  Hydralisk x2  
  132  7:44  Zergling x4  
  141  7:51  Overlord  
  141  7:54  Overlord  
  141  7:56  Overlord  
  139  8:00  Overlord  
  139  8:01  Overlord  
  139  8:17  Hatchery  
  138  8:20  Zergling x20  
  138  8:25  Lurker x4  
  138  8:26  Lurker x4  
  149  8:40  Zergling x20  
  149  8:41  Zergling x2  
  160  8:46  Zergling x2  
  161  8:49  Zergling x2  
  161  9:09  Zergling x22  
  171  9:10  Zergling x2  
  158  9:30  Zergling x14  
  140  9:38  Zergling x10  
  111  9:40  Zergling x2  
  90  9:54  Hydralisk x4  
  90  9:57  Hydralisk  
  90  9:58  Hydralisk x2  
  104  10:04  Hydralisk  
  104  10:05  Hatchery, Hydralisk  
  107  10:09  Hydralisk  
  107  10:10  Hydralisk x8  
  125  10:16  Hydralisk x2  
  120  10:24  Lurker  
  120  10:25  Lurker x3  
  120  10:27  Lurker  
  128  10:29  Lurker  
Show
View Real Time Build Order
Export as new Build Order

puCK Protoss - Winner!

Build Orders: Nexus First 

Get SALT Encoding   

  12  0:01  Probe (Chrono Boost)  
  13  0:12  Probe (Chrono Boost)  
  14  0:19  Pylon  
  14  0:22  Probe (Chrono Boost)  
  15  0:38  Probe (Chrono Boost)  
  16  0:48  Probe (Chrono Boost)  
  17  0:56  Nexus  
  17  1:00  Probe (Chrono Boost)  
  18  1:10  Gateway  
  18  1:13  Probe (Chrono Boost)  
  19  1:19  Assimilator  
  19  1:23  Probe (Chrono Boost)  
  20  1:26  Assimilator  
  20  1:32  Pylon  
  20  1:35  Probe (Chrono Boost)  
  21  1:45  Probe (Chrono Boost)  
  22  1:48  Gateway  
  22  1:59  Probe (Chrono Boost)  
  23  2:03  Cybernetics Core  
  23  2:10  Probe (Chrono Boost)  
  23  2:12  Probe (Chrono Boost)  
  25  2:20  Probe (Chrono Boost)  
  26  2:23  Probe (Chrono Boost)  
  27  2:31  Probe (Chrono Boost)  
  27  2:34  Probe (Chrono Boost)  
  29  2:40  Adept x2 (Chrono Boost)  
  29  2:41  Probe  
  29  2:42  Warp Gate (Chrono Boost)  
  34  2:45  Mothership Core  
  36  2:53  Probe  
  38  3:05  Probe (Chrono Boost)  
  38  3:06  Probe (Chrono Boost)  
  38  3:12  Nexus  
  39  3:16  Probe (Chrono Boost)  
  41  3:24  Adept  
  46  3:27  Probe (Chrono Boost)  
  46  3:29  Pylon  
  46  3:30  Probe (Chrono Boost)  
  44  3:36  Pylon  
  44  3:37  Probe (Chrono Boost)  
  44  3:40  Probe (Chrono Boost)  
  46  3:48  Probe (Chrono Boost)  
  47  3:52  Probe (Chrono Boost)  
  48  3:55  Gateway  
  48  3:56  Gateway  
  48  3:58  Probe (Chrono Boost)  
  48  4:02  Probe (Chrono Boost)  
  50  4:05  Twilight Council  
  50  4:09  Probe (Chrono Boost)  
  49  4:13  Probe (Chrono Boost)  
  49  4:15  Gateway  
  48  4:19  Gateway, Probe (Chrono Boost)  
  48  4:22  Probe (Chrono Boost)  
  50  4:32  Probe  
  50  4:34  Probe x2  
  50  4:37  Blink (Chrono Boost)  
  53  4:39  Assimilator x2  
  53  4:44  Probe  
  53  4:45  Probe x2  
  54  4:46  Stalker  
  54  4:47  Stalker  
  60  4:55  Probe  
  60  4:56  Probe x2  
  60  5:01  Stalker x2  
  60  5:05  Robotics Facility  
  60  5:06  Probe  
  64  5:07  Probe  
  64  5:08  Probe  
  67  5:17  Probe x2  
  67  5:18  Stalker  
  67  5:20  Probe  
  72  5:24  Pylon x2  
  72  5:27  Probe  
  72  5:30  Stalker x2  
  77  5:40  Probe x2, Forge  
  77  5:42  Stalker, Probe  
  80  5:45  Stalker  
  80  5:47  Stalker  
  86  5:55  Observer (Chrono Boost)  
  86  5:56  Probe  
  88  5:59  Assimilator  
  88  6:00  Probe  
  88  6:04  Assimilator  
  89  6:07  Pylon x2  
  89  6:08  Pylon  
  89  6:09  Pylon, Warp Prism (Chrono Boost)  
  89  6:10  Pylon  
  89  6:16  Stalker  
  93  6:18  Protoss Ground Weapons Level 1 (Chrono Boost)  
  93  6:25  Stalker x2  
  95  6:26  Stalker x2  
  95  6:32  Robotics Bay  
  101  6:34  Stalker  
  103  6:40  Stalker  
  103  6:44  Gateway  
  103  6:46  Observer  
  104  6:47  Gateway  
  104  6:52  Stalker x2  
  109  7:03  Resonating Glaives  
  109  7:10  Adept x3  
  109  7:11  Adept  
  117  7:16  Adept x2  
  117  7:19  Disruptor  
  121  7:24  Probe  
  125  7:34  Adept x3  
  125  7:35  Adept, Nexus  
  133  7:39  Pylon  
  133  7:40  Pylon  
  133  7:43  Pylon  
  133  7:51  Disruptor  
  136  8:02  Protoss Ground Weapons Level 2 (Chrono Boost)  
  136  8:06  Pylon x2  
  136  8:07  Adept x4  
  136  8:08  Adept x2  
  136  8:12  Pylon  
  148  8:34  Adept x4  
  148  8:35  Adept x2  
  148  8:37  Disruptor  
  148  8:38  Photon Cannon x2  
  160  8:43  Dark Shrine  
  163  8:49  Adept x2  
  167  8:55  Robotics Facility  
  167  9:08  Disruptor  
  165  9:13  Stalker x4  
  149  9:39  Disruptor  
  149  9:43  Stalker x4  
  149  9:44  Stalker x2  
  138  9:47  Disruptor (Chrono Boost)  
  139  10:06  Adept x4  
  139  10:07  Adept x4  
  158  10:21  Assimilator  
  158  10:22  Assimilator  
  159  10:35  Pylon  
Tags
 
Add a new tag
Caveats
  • Supply blocks, unpowered buildings, or Contaminate may cause inaccurate times.
  • Supply counts are checked every 10 seconds.